TOP OF THE 1ST |
Seattle (APP) Mariners batting - Pitching for Texas (APP) Rangers : RHP Torsten Fisher
|
Pitching: RHP Torsten Fisher
|
|
Batting: RHB Chris Van Niel
|
0-0: Ball 1-0: Ball 2-0: Ball 3-0: Called Strike 3-1: Ground out 4-3 (Groundball, 4, EV 81.9 MPH)
|
Batting: RHB John Vasquez
|
0-0: Ball 1-0: Called Strike 1-1: Ball 2-1: Ground out 5-3 (Groundball, 56, EV 86.9 MPH)
|
Batting: SHB Carlos Luna
|
0-0: Ball 1-0: Ball 2-0: Ball 3-0: Called Strike 3-1: Called Strike 3-2: Ground out U3 (Groundball, 3L, EV 100.0 MPH)
|
Top of the 1st over - 0 runs, 0 hits, 0 errors, 0 left on base; Seattle (APP) 0 - Texas (APP) 0 |
BOTTOM OF THE 1ST |
Texas (APP) Rangers batting - Pitching for Seattle (APP) Mariners : RHP Jamie Riley
|
Pitching: RHP Jamie Riley
|
|
Batting: SHB Tim Rogers
|
0-0: Ball 1-0: Ball 2-0: Called Strike 2-1: Ball 3-1: SINGLE (Groundball, 34D, EV 95.6 MPH)
|
Batting: RHB Ron Squires
|
0-0: Foul Ball, location: 2F 0-1: Ball Tim Rogers is caught stealing 2nd base 2-4 1-1: Fly out, F8 (Line Drive, 8RM, EV 93.1 MPH)
|
Batting: RHB Luis Reyna
|
0-0: Ball 1-0: Ball 2-0: Foul Ball, location: 2F 2-1: Swinging Strike 2-2: Strikes out looking
|
Bottom of the 1st over - 0 runs, 1 hit, 0 errors, 0 left on base; Seattle (APP) 0 - Texas (APP) 0 |
TOP OF THE 2ND |
Seattle (APP) Mariners batting - Pitching for Texas (APP) Rangers : RHP Torsten Fisher
|
Batting: RHB Nick Edmunds
|
0-0: Ball 1-0: Swinging Strike 1-1: Ball 2-1: Ball 3-1: Ground out 5-3 (Groundball, 15, EV 86.2 MPH)
|
Batting: RHB Nick Ellis
|
0-0: Ball 1-0: Ground out 5-3 (Groundball, 56, EV 103.8 MPH)
|
Batting: RHB Carlton McDonald
|
0-0: Foul Ball, location: 2F 0-1: Foul Ball, location: 2F 0-2: Strikes out looking
|
Top of the 2nd over - 0 runs, 0 hits, 0 errors, 0 left on base; Seattle (APP) 0 - Texas (APP) 0 |
BOTTOM OF THE 2ND |
Texas (APP) Rangers batting - Pitching for Seattle (APP) Mariners : RHP Jamie Riley
|
Batting: RHB Jerry Foster
|
0-0: Called Strike 0-1: Swinging Strike 0-2: Fly out, F8 (Line Drive, 8RM, EV 92.5 MPH)
|
Batting: RHB Elias Sagrero
|
0-0: Fly out, F9 (Flyball, 9S, EV 91.2 MPH)
|
Batting: RHB Luis Solorzano
|
0-0: Ball 1-0: Ball 2-0: Ball 3-0: Called Strike 3-1: Called Strike 3-2: Ground out U3 (Groundball, 3S, EV 93.1 MPH)
|
Bottom of the 2nd over - 0 runs, 0 hits, 0 errors, 0 left on base; Seattle (APP) 0 - Texas (APP) 0 |
TOP OF THE 3RD |
Seattle (APP) Mariners batting - Pitching for Texas (APP) Rangers : RHP Torsten Fisher
|
Batting: RHB Joaquin Salazar
|
0-0: SINGLE (Groundball, 4D, EV 103.8 MPH)
|
Batting: RHB Ziven Badersky
|
0-0: Called Strike Joaquin Salazar steals 2nd base 0-1: Ball 1-1: Ball 2-1: Foul Ball, location: 2F 2-2: Foul Ball, location: 2F 2-2: Foul Ball, location: 2F 2-2: Ground out 3-1 (Groundball, 34, EV 84.4 MPH) Joaquin Salazar to third
|
Batting: RHB Josh Carpenter
|
0-0: Swinging Strike 0-1: Ball 1-1: Swinging Strike Passed Ball! Joaquin Salazar scores 1-2: Foul Ball, location: 2F 1-2: Ball 2-2: Ball 3-2: Strikes out swinging
|
Batting: RHB Chris Van Niel
|
0-0: Called Strike 0-1: Ball 1-1: Ball 2-1: Ball 3-1: Base on Balls
|
Batting: RHB John Vasquez
|
0-0: Ground out 1-3 (Groundball, P, EV 66.9 MPH)
|
Top of the 3rd over - 1 run, 1 hit, 0 errors, 1 left on base; Seattle (APP) 1 - Texas (APP) 0 |
BOTTOM OF THE 3RD |
Texas (APP) Rangers batting - Pitching for Seattle (APP) Mariners : RHP Jamie Riley
|
Batting: SHB Albert Ortiz
|
0-0: Ball 1-0: Ball 2-0: Ball 3-0: Called Strike 3-1: Base on Balls
|
Batting: LHB Eddie Reyes
|
0-0: Called Strike 0-1: Foul Ball, location: 2F 0-2: Ball 1-2: Ball 2-2: Fielders Choice at 2nd, 3-6 (Groundball, 34, EV 87.5 MPH)
|
Batting: LHB Bobby Scott
|
0-0: Called Strike 0-1: Called Strike 0-2: SINGLE (Line Drive, 89M, EV 102.5 MPH) Eddie Reyes to second
|
Batting: SHB Tim Rogers
|
0-0: Called Strike 0-1: Ball 1-1: Foul Ball, location: 2F 1-2: Ball 2-2: SINGLE (Groundball, 25, EV 70.6 MPH) (infield hit) Eddie Reyes to third Bobby Scott to second
|
Batting: RHB Ron Squires
|
0-0: Swinging Strike 0-1: Ball 1-1: Called Strike 1-2: Ball 2-2: GRAND SLAM HOME RUN (Flyball, 78XD, EV 100.0 MPH), Distance : 404 ft
|
Batting: RHB Luis Reyna
|
0-0: Swinging Strike 0-1: Ball 1-1: Ball 2-1: Ground out 5-3 (Groundball, 56, EV 104.4 MPH)
|
Batting: RHB Jerry Foster
|
0-0: Foul Ball, location: 2F 0-1: Fly out, F7 (Flyball, 7, EV 80.0 MPH)
|
Bottom of the 3rd over - 4 runs, 3 hits, 0 errors, 0 left on base; Seattle (APP) 1 - Texas (APP) 4 |
TOP OF THE 4TH |
Seattle (APP) Mariners batting - Pitching for Texas (APP) Rangers : RHP Torsten Fisher
|
Batting: SHB Carlos Luna
|
0-0: Called Strike 0-1: Ball 1-1: Ground out 5-3 (Groundball, 5L, EV 82.5 MPH)
|
Batting: RHB Nick Edmunds
|
0-0: Called Strike 0-1: Fly out, F8 (Flyball, 8LXD, EV 90.0 MPH)
|
Batting: RHB Nick Ellis
|
0-0: Called Strike 0-1: Ball 1-1: Foul Ball, location: 2F 1-2: Ball 2-2: SINGLE (Groundball, 4MD, EV 105.6 MPH)
|
Batting: RHB Carlton McDonald
|
0-0: Ball Wild Pitch! Nick Ellis to second 1-0: Ball 2-0: Ball 3-0: Base on Balls
|
Batting: RHB Joaquin Salazar
|
0-0: Fielders Choice at 2nd, 5-4 (Groundball, 56, EV 98.8 MPH)
|
Top of the 4th over - 0 runs, 1 hit, 0 errors, 2 left on base; Seattle (APP) 1 - Texas (APP) 4 |
BOTTOM OF THE 4TH |
Texas (APP) Rangers batting - Pitching for Seattle (APP) Mariners : RHP Jamie Riley
|
Batting: RHB Elias Sagrero
|
0-0: Foul Ball, location: 2F 0-1: Swinging Strike 0-2: Ball 1-2: Ball 2-2: Foul Ball, location: 2F 2-2: Foul Ball, location: 2F 2-2: Hit by Pitch
|
Batting: RHB Luis Solorzano
|
0-0: Called Strike 0-1: TRIPLE (Line Drive, 9D, EV 107.5 MPH) Elias Sagrero scores
|
Pitching: RHP Frank Cabrera
|
|
Batting: SHB Albert Ortiz
|
0-0: Called Strike 0-1: Swinging Strike 0-2: Ball 1-2: Ball 2-2: Strikes out looking
|
Batting: LHB Eddie Reyes
|
0-0: Foul Ball, location: 2F 0-1: Ball 1-1: Ball 2-1: Ball 3-1: Base on Balls
|
Batting: LHB Bobby Scott
|
0-0: Ball 1-0: Ball 2-0: Called Strike 2-1: Ball 3-1: Base on Balls Eddie Reyes to second
|
Batting: SHB Tim Rogers
|
0-0: Ball 1-0: Ball 2-0: Ball 3-0: Base on Balls Luis Solorzano scores Eddie Reyes to third Bobby Scott to second
|
Batting: RHB Ron Squires
|
0-0: Foul Ball, location: 2F 0-1: Fielders Choice at 2nd, 3-6 (Groundball, 34S, EV 95.0 MPH) Eddie Reyes scores Bobby Scott to third
|
Batting: RHB Luis Reyna
|
0-0: Ball 1-0: Called Strike 1-1: Called Strike 1-2: Foul Ball, location: 2F 1-2: Ground out 6-3 (Groundball, 6MS, EV 83.8 MPH)
|
Bottom of the 4th over - 3 runs, 1 hit, 0 errors, 2 left on base; Seattle (APP) 1 - Texas (APP) 7 |
TOP OF THE 5TH |
Seattle (APP) Mariners batting - Pitching for Texas (APP) Rangers : RHP Torsten Fisher
|
Batting: RHB Ziven Badersky
|
0-0: Foul Ball, location: 2F 0-1: Hit by Pitch
|
Batting: RHB Josh Carpenter
|
0-0: Grounds into double play, 5-4-3 (Groundball, 5S, EV 78.8 MPH)
|
Batting: RHB Chris Van Niel
|
0-0: Ball 1-0: Ball 2-0: Ball 3-0: Called Strike 3-1: Called Strike 3-2: Base on Balls
|
Batting: RHB John Vasquez
|
0-0: Swinging Strike 0-1: Ball 1-1: Ball Chris Van Niel steals 2nd base 2-1: Ground out 6-3 (Groundball, 6, EV 85.0 MPH)
|
Top of the 5th over - 0 runs, 0 hits, 0 errors, 1 left on base; Seattle (APP) 1 - Texas (APP) 7 |
BOTTOM OF THE 5TH |
Texas (APP) Rangers batting - Pitching for Seattle (APP) Mariners : RHP Frank Cabrera
|
Batting: RHB Jerry Foster
|
0-0: Foul Ball, location: 2F 0-1: Ball 1-1: Ball 2-1: Called Strike 2-2: Ball 3-2: Foul Ball, location: 2F 3-2: Ground out 5-3 (Groundball, 56, EV 103.8 MPH)
|
Batting: RHB Elias Sagrero
|
0-0: Ground out 6-3 (Groundball, 6, EV 89.4 MPH)
|
Batting: RHB Luis Solorzano
|
0-0: Ball 1-0: Ground out 4-3 (Groundball, 4, EV 99.4 MPH)
|
Bottom of the 5th over - 0 runs, 0 hits, 0 errors, 0 left on base; Seattle (APP) 1 - Texas (APP) 7 |
TOP OF THE 6TH |
Seattle (APP) Mariners batting - Pitching for Texas (APP) Rangers : RHP Torsten Fisher
|
Batting: SHB Carlos Luna
|
0-0: Called Strike 0-1: Foul Ball, location: 2F 0-2: Ball 1-2: Strikes out swinging
|
Batting: RHB Nick Edmunds
|
0-0: Called Strike 0-1: Foul Ball, location: 2F 0-2: Ball 1-2: Foul Ball, location: 2F 1-2: Ground out U3 (Groundball, 34S, EV 63.8 MPH)
|
Batting: RHB Nick Ellis
|
0-0: Called Strike 0-1: Called Strike 0-2: Strikes out swinging
|
Top of the 6th over - 0 runs, 0 hits, 0 errors, 0 left on base; Seattle (APP) 1 - Texas (APP) 7 |
BOTTOM OF THE 6TH |
Texas (APP) Rangers batting - Pitching for Seattle (APP) Mariners : RHP Frank Cabrera
|
Batting: SHB Albert Ortiz
|
0-0: Ball 1-0: Ball 2-0: Fly out, F8 (Line Drive, 78M, EV 91.9 MPH)
|
Batting: LHB Eddie Reyes
|
0-0: Ball 1-0: Foul Ball, location: 2F 1-1: Ground out 4-3 (Groundball, 4, EV 84.4 MPH)
|
Batting: LHB Bobby Scott
|
0-0: Ball 1-0: Ball 2-0: Ball 3-0: Called Strike 3-1: Called Strike 3-2: Foul Ball, location: 2F 3-2: Strikes out looking
|
Bottom of the 6th over - 0 runs, 0 hits, 0 errors, 0 left on base; Seattle (APP) 1 - Texas (APP) 7 |
TOP OF THE 7TH |
Seattle (APP) Mariners batting - Pitching for Texas (APP) Rangers : RHP Torsten Fisher
|
Pitching: RHP Brent Demby
|
|
Batting: RHB Carlton McDonald
|
0-0: Foul Ball, location: 2F 0-1: Ball 1-1: Ball 2-1: Ball 3-1: Called Strike 3-2: Base on Balls
|
Batting: RHB Joaquin Salazar
|
Pickoff Throw to First - Error! E1 Carlton McDonald to second 0-0: Ground out 5-3 (Groundball, 5S, EV 60.0 MPH) Carlton McDonald to third
|
Pinch Hitting: LHB Yoshihisa Kobayashi
|
0-0: Foul Ball, location: 2F 0-1: Called Strike 0-2: Foul Ball, location: 2F 0-2: Foul Ball, location: 2F 0-2: Fly out, F9 (Flyball, 9D, EV 81.2 MPH) Runner from 3rd tags up, SCORES, no throw by RF
|
Batting: RHB Josh Carpenter
|
0-0: Called Strike 0-1: Foul Ball, location: 2F 0-2: Strikes out swinging
|
Top of the 7th over - 1 run, 0 hits, 1 error, 0 left on base; Seattle (APP) 2 - Texas (APP) 7 |
BOTTOM OF THE 7TH |
Texas (APP) Rangers batting - Pitching for Seattle (APP) Mariners : RHP Frank Cabrera
|
Pitching: RHP Domingo Maldonado
|
|
Now at 2B: Chris Van Niel
|
|
Now at SS: Yoshihisa Kobayashi
|
|
Batting: SHB Tim Rogers
|
0-0: Called Strike 0-1: Ball 1-1: Ball 2-1: Ball 3-1: Foul Ball, location: 2F 3-2: Foul Ball, location: 2F 3-2: Base on Balls
|
Batting: RHB Ron Squires
|
0-0: Called Strike 0-1: Ball 1-1: Called Strike 1-2: Strikes out swinging
|
Batting: RHB Luis Reyna
|
0-0: Ball 1-0: Ball 2-0: Called Strike 2-1: Called Strike 2-2: SINGLE (Line Drive, 8RS, EV 106.9 MPH) Tim Rogers to second
|
Batting: RHB Jerry Foster
|
0-0: Foul Ball, location: 2F 0-1: Ball 1-1: Ball 2-1: Foul Ball, location: 2F 2-2: Ball 3-2: Foul Ball, location: 2F 3-2: Base on Balls Tim Rogers to third Luis Reyna to second
|
Batting: RHB Elias Sagrero
|
0-0: Ball 1-0: Swinging Strike 1-1: Foul Ball, location: 2F 1-2: Foul Ball, location: 2F 1-2: Ball 2-2: Strikes out swinging
|
Pitching: RHP Ruben Mendoza
|
|
Batting: RHB Luis Solorzano
|
0-0: Ball 1-0: Reached on error, E5 (Groundball, 5L, EV 85.6 MPH) Tim Rogers scores Luis Reyna to third Jerry Foster to second
|
Batting: SHB Albert Ortiz
|
0-0: Swinging Strike 0-1: Ball 1-1: Ball 2-1: Ball 3-1: Base on Balls Luis Reyna scores Jerry Foster to third Luis Solorzano to second
|
Batting: LHB Eddie Reyes
|
0-0: Ball 1-0: Swinging Strike 1-1: Ball 2-1: Foul Ball, location: 2F 2-2: Foul Ball, location: 2F 2-2: Ball 3-2: Strikes out looking
|
Bottom of the 7th over - 2 runs, 1 hit, 1 error, 3 left on base; Seattle (APP) 2 - Texas (APP) 9 |
TOP OF THE 8TH |
Seattle (APP) Mariners batting - Pitching for Texas (APP) Rangers : RHP Brent Demby
|
Batting: RHB Chris Van Niel
|
0-0: Ball 1-0: Ball 2-0: Ball 3-0: Base on Balls
|
Batting: RHB John Vasquez
|
0-0: Called Strike 0-1: Ball 1-1: DOUBLE (Flyball, 89D, EV 101.9 MPH) Chris Van Niel to third
|
Batting: SHB Carlos Luna
|
0-0: Ball 1-0: Foul Ball, location: 2F 1-1: Fly out, F7 (Flyball, 78S, EV 80.0 MPH)
|
Batting: RHB Nick Edmunds
|
0-0: Fly out, F8 (Flyball, 78M, EV 88.1 MPH) Runner from 3rd tags up, SCORES, no throw by CF
|
Batting: RHB Nick Ellis
|
0-0: Foul Ball, location: 2F 0-1: Foul Ball, location: 2F 0-2: Strikes out swinging
|
Top of the 8th over - 1 run, 1 hit, 0 errors, 1 left on base; Seattle (APP) 3 - Texas (APP) 9 |
BOTTOM OF THE 8TH |
Texas (APP) Rangers batting - Pitching for Seattle (APP) Mariners : RHP Ruben Mendoza
|
Batting: LHB Bobby Scott
|
0-0: Foul Ball, location: 2F 0-1: Swinging Strike 0-2: Ball 1-2: Strikes out swinging, 2-3 out at first.
|
Batting: SHB Tim Rogers
|
0-0: Ground out 5-3 (Groundball, 56S, EV 70.6 MPH)
|
Batting: RHB Ron Squires
|
0-0: Foul Ball, location: 2F 0-1: Ball 1-1: Called Strike 1-2: Ball 2-2: Ball 3-2: Foul Ball, location: 2F 3-2: Strikes out looking
|
Bottom of the 8th over - 0 runs, 0 hits, 0 errors, 0 left on base; Seattle (APP) 3 - Texas (APP) 9 |
TOP OF THE 9TH |
Seattle (APP) Mariners batting - Pitching for Texas (APP) Rangers : RHP Brent Demby
|
Batting: RHB Carlton McDonald
|
0-0: Called Strike 0-1: Swinging Strike 0-2: Strikes out swinging
|
Batting: RHB Joaquin Salazar
|
0-0: Called Strike 0-1: Ground out 4-3 (Groundball, 34, EV 81.9 MPH)
|
Batting: LHB Yoshihisa Kobayashi
|
0-0: Called Strike 0-1: Foul Ball, location: 2F 0-2: Foul Ball, location: 2F 0-2: Ball 1-2: Ground out 4-3 (Groundball, 4, EV 91.9 MPH)
|
Top of the 9th over - 0 runs, 0 hits, 0 errors, 0 left on base; Seattle (APP) 3 - Texas (APP) 9 |
|